 Seeded DCSS version 0.30-a0-371-gad7725a93e (webtiles) character file.

Game seed: 10670921550303037883 (custom seed)

466 flotson the Sneak (level 6, -3/48 HPs)
             Began as a Demonspawn Delver on Nov 22, 2022.
             Slain by Duvessa
             ... wielding a +0 short sword
              (5 damage)
             ... on level 4 of the Dungeon.
             The game lasted 00:09:12 (5350 turns).

flotson the Sneak (Demonspawn Delver)               Turns: 5350, Time: 00:09:12

Health: -3/48      AC: 10    Str: 12 (15) XL:     6   Next: 81%
Magic:  0/6        EV:  9    Int:  9 (11) God:
Gold:   77         SH:  0    Dex: 11 (14) Spells: 5/5 levels left

rFire   . . .      SeeInvis .    D - +3 quarterstaff (chaos)
rCold   . . .      Faith    .    (shield currently unavailable)
rNeg    . . .      Spirit   +    C - +2 scale mail {rPois}
rPois   +          Reflect  .    A - +0 helmet
rElec   .          Harm     .    u - +0 cloak
rCorr   .          Rampage  .    (no gloves)
Will    .....                    (no boots)
Stlth   +.........               m - amulet of guardian spirit
HPRegen 0.28/turn                (no ring)
MPRegen 0.10/turn                (no ring)

@: hasted, very quick
A: demonic magic 2, weakness stinger 1
a: no special abilities


You were on level 4 of the Dungeon.
You visited 1 branch of the dungeon, and saw 5 of its levels.

You collected 252 gold pieces.
You spent 175 gold pieces at shops.

Inventory:

Hand Weapons
 a - a +0 trident
 D - a +3 quarterstaff of chaos (weapon)
 I - the +3 mace of Mucwun {flame, Will+}
   (You found it on level 4 of the Dungeon)

   It burns those it strikes, dealing additional fire damage.
   Will:      It increases your willpower.
Missiles
 j - 4 javelins (quivered)
 q - 3 boomerangs
 F - 6 poisoned darts
Armour
 u - a +0 cloak (worn)
 A - a +0 helmet (worn)
 B - a +2 ring mail of cold resistance
 C - a +2 scale mail of poison resistance (worn)
Jewellery
 m - an amulet of guardian spirit (around neck)
Wands
 g - a wand of digging (3)
 G - a wand of polymorph (9)
 J - a wand of paralysis (13)
Scrolls
 b - a scroll of brand weapon {unknown}
 c - a scroll of fog
 d - a scroll of magic mapping
 e - 2 scrolls of fear
 k - 2 scrolls of poison {unknown}
 n - a scroll of blinking {unknown}
 o - 5 scrolls of identify {unknown}
 p - 2 scrolls of noise {unknown}
 s - a scroll of teleportation {unknown}
 t - a scroll of enchant armour {unknown}
 y - a scroll of immolation {unknown}
 H - a scroll of amnesia {unknown}
Potions
 h - a potion of curing {unknown}
 i - a potion of berserk rage {unknown}
 l - 2 potions of degeneration
 r - a potion of ambrosia {unknown}
 v - a potion of might {unknown}
 w - a potion of brilliance {unknown}
 x - a potion of magic
 z - a potion of heal wounds {unknown}
 E - a potion of attraction {unknown}


   Skills:
 + Level 4.2 Fighting
 - Level 1.7 Polearms
 + Level 2.6 Throwing
 + Level 2.6 Armour
 + Level 3.3 Dodging
 - Level 4.5 Stealth
 + Level 2.9 Evocations


You had 5 spell levels left.
You didn't know any spells.
Your spell library contained the following spells:

 Spells                   Type           Power      Damage    Failure   Level
 Ensorcelled Hibernation  Hex/Ice        0%         N/A       97%         2
 Call Canine Familiar     Summ           0%         N/A       99%         3
 Portal Projectile        Hex/Tloc       0%         N/A       99%         3
 Spider Form              Tmut/Pois      0%         N/A       99%         3
 Anguish                  Hex/Necr       0%         N/A       100%        4
 Leda's Liquefaction      Hex/Erth       0%         N/A       100%        4


Dungeon Overview and Level Annotations

Branches:
Dungeon (5/15)
 Temple: D:4-7

Altars:
Cheibriados
Kikubaaqudgha
Okawaru
Wu Jian

Shops:
D:1 *   D:2 [   D:3 (

Annotations:
D:4 Duvessa, Sigmund


Innate Abilities, Weirdness & Mutations

Spells you cast may paralyse nearby enemies.
You have a small tail.


Message History

Unknown command.
Unknown command.
Unknown command.
Unknown command.
You feel yourself speed up. Duvessa hits you but does no damage.
Something hits you. Duvessa hits you with a +0 short sword!
* * * LOW HITPOINT WARNING * * *
Duvessa attacks as you move away! Duvessa hits you but does no damage.
Duvessa attacks as you move away! Duvessa barely misses you.
There is an open door here.
Duvessa attacks as you move away! Duvessa hits you but does no damage.
Duvessa rages.
Duvessa rages.
Duvessa attacks as you move away! Duvessa completely misses you.
You thump Duvessa! You freeze Duvessa.
You tail-slap Duvessa, but do no damage.
Duvessa is heavily wounded.
Duvessa hits you with a +0 short sword!
* * * LOW HITPOINT WARNING * * *
Duvessa rages.
It was a potion of degeneration.
There was something very wrong with that liquid.
You feel weakened.
You feel dopey.
You feel clumsy. Duvessa hits you with a +0 short sword.
* * * LOW HITPOINT WARNING * * *
It was a potion of magic.
Magic courses through your body. Duvessa hits you with a +0 short sword.
* * * LOW HITPOINT WARNING * * *
Okay, then.
Unknown command.
You can't see any enemies this would affect, really read the scroll of fear? [Y]es or [N]o only, please.
You can't see any enemies this would affect, really read the scroll of fear?
Okay, then.
Unknown command.
Aiming: Paralyse
Press: ? - help, Shift-Dir - straight line, f/p - Duvessa
Aim: Duvessa, wielding a +0 short sword and wearing a +4 scale mail of willpower (heavily wounded, berserk, lightly drained, chance to affect: 16%) Duvessa resists with almost no effort.
Duvessa hits you with a +0 short sword!
You die...

....##.#####.....†...# .....#.#
#.....#...# .....#.# ##.......##
.....#.# ###....##.#
##...#.####......##.########
##.......##.####.#####<....#
#####..####.# ### #.....# #
...##<.####.##########.....######
##..............@e....W....'.....
......)....###.#######.....###.##
........##.# #.## #########.#
##.......#(###..####### #....#
###......+............#####.#####
###......#.......♣........#.# ##
.8###..8.#...##..♣._......+.# #.
.#...###.#...##..♣........#.####.
.....#...#...##..♣♣♣♣.........##.


You could see Duvessa (berserk, drained) and a phantom.

Vanquished Creatures
  A necrophage (D:4)
  Dowan (D:4)
  Crazy Yiuf (D:2)
  An iguana (D:4)
  Ijyb (D:3)
  Terence (D:2)
  2 orc wizards
  Robin (D:2)
  4 gnolls
  5 adders
  3 worms
  A dart slug (D:2)
  7 orcs
  5 endoplasms
  16 goblins
  9 hobgoblins
  8 jackals
  8 kobolds
  4 quokkas
  9 ball pythons
  2 bats
  3 frilled lizards (D:1)
  5 rats
98 creatures vanquished.

Vanquished Creatures (others)
  6 fungi (D:4)
6 creatures vanquished.

Grand Total: 104 creatures vanquished

Notes
Turn   | Place    | Note
-------+----------+-------------------------------------------
     0 | D:5      | flotson the Demonspawn Delver began the quest for the Orb.
     0 | D:5      | Reached XP level 1. HP: 18/18 MP: 1/1
    61 | D:5      | Noticed a phantom
    66 | D:4      | Found an ornate altar of the Wu Jian Council.
   168 | D:1      | Gained mutation: You have a small tail. [demonic ancestry]
   168 | D:1      | Reached XP level 2. HP: 17/24 MP: 2/2
   563 | D:1      | Reached skill level 1 in Evocations
   584 | D:1      | Found Jauxko's General Store.
   594 | D:1      | Bought 2 boomerangs for 14 gold pieces
   600 | D:1      | Found a faded altar of an unknown god.
   788 | D:1      | Reached XP level 3. HP: 29/29 MP: 3/3
   927 | D:1      | Reached skill level 1 in Armour
  1357 | D:1      | Reached skill level 1 in Throwing
  1450 | D:2      | Gained mutation: Spells you cast may paralyse adjacent
                  | enemies. [demonic ancestry]
  1450 | D:2      | Reached XP level 4. HP: 23/35 MP: 2/4
  1550 | D:2      | Found a runed translucent door.
  1551 | D:2      | Noticed Crazy Yiuf
  1861 | D:2      | Noticed Terence
  1871 | D:2      | Killed Terence
  1945 | D:2      | Found Cusagof's Antique Armour Emporium.
  2728 | D:2      | Found Cusagof's Antique Armour Emporium.
  3231 | D:3      | Gained mutation: Spells you cast may paralyse nearby
                  | enemies. [demonic ancestry]
  3231 | D:3      | Reached XP level 5. HP: 40/42 MP: 5/5
  3248 | D:3      | Noticed Robin
  3318 | D:2      | Killed Robin
  3478 | D:3      | Noticed Ijyb
  3484 | D:3      | Paralysed by Ijyb for 5 turns
  3646 | D:3      | Killed Ijyb
  3819 | D:2      | Bought a runed scale mail for 161 gold pieces
  3916 | D:2      | Killed Crazy Yiuf
  4087 | D:3      | Reached XP level 6. HP: 44/48 MP: 6/6
  4163 | D:3      | Found an iron altar of Okawaru.
  4466 | D:3      | Found Oloa's Weapon Emporium.
  4913 | D:4      | Noticed Sigmund
  4972 | D:4      | Noticed Duvessa
  4972 | D:4      | Noticed Dowan
  5051 | D:4      | Killed Dowan
  5104 | D:4      | Found a snail-covered altar of Cheibriados.
  5186 | D:4      | Found an ancient bone altar of Kikubaaqudgha.
  5212 | D:4      | Identified the +3 mace of Mucwun {flame, Will+}
  5348 | D:4      | HP: 2/48 [Duvessa/+0 short sword (3)]
  5350 | D:4      | Slain by Duvessa

Illustrated notes

Levels and vault maps discovered:
D:1:      lightli_arrival_windingriver, layout_loops_corners,
          dreamdust_ecumenical_altar_statues, serial_shops, shop
D:2:      layout_basic, serial_shops, nicolae_shop_advertising_works
          [nicolae_subvault_shop_adworks], uniq_crazy_yiuf_cottage, uniq_terence
D:3:      layout_basic, lemuel_crystal_altar, serial_shops,
          nicolae_shop_bloodbath_and_beyond, nrook_loot_triangle, uniq_ijyb,
          uniq_robin
D:4:      layout_basic, mainiacjoe_overflow_chevrons,
          mainiacjoe_overflow_catch_the_wave, minmay_temple_entry_nine_rooms,
          lightli_ossuary_entry_decrepit_ruins, uniq_duvessa, uniq_sigmund
D:5:      layout_loops_corners, grunt_ministairs_15, uniq_prince_ribbit1

Skill      XL: |  1  2  3  4  5  6 |
---------------+-------------------+-----
Dodging        | 2 3 |  3.3
Evocations     | 1 2 |  2.9
Armour         | 1 2 |  2.6
Throwing       | 1 2 |  2.6
Fighting       | 4 |  4.2
Polearms       | |  1.7
Stealth        | |  4.5

Action                   |  1- 3 |  4- 6 || total
-------------------------+-------+-------++-------
Melee: Trident           |   104 |   167 ||   271
       Tailslap          |     8 |    20 ||    28
       Quarterstaff      |       |    81 ||    81
Throw: Javelin           |       |     2 ||     2
Evoke: Wand              |       |     1 ||     1
  Use: Potion            |       |     3 ||     3
 Stab: Sleeping          |     8 |     2 ||    10
       Confused          |       |     2 ||     2
Armor: Ring mail         |    21 |    78 ||    99
       Leather armour    |     4 |       ||     4
       Scale mail        |       |    42 ||    42
       Skin              |       |     5 ||     5
Dodge: Dodged            |    60 |   119 ||   179

Table legend: (Time is in decaauts)
 A = Elapsed time spent in this place.
 B = Non-inter-level travel time spent in this place.
 C = Inter-level travel time spent in this place.
 D = Time resting spent in this place.
 E = Time spent auto-exploring this place.
 F = Levels seen in this place.
 G = Mean time per level.
                   A        B        C        D        E       F      G
               +--------+--------+--------+--------+--------+-----+--------+
         Total |   5431 |   5000 |    431 |    264 |   3746 |   5 | 1086.2 |
       Dungeon |   5431 |   5000 |    431 |    264 |   3746 |   5 | 1086.2 |
               +--------+--------+--------+--------+--------+-----+--------+

Top non-repeatable levels by time:
     D:2: 2452 daAuts
     D:1: 1217 daAuts
     D:3: 1140 daAuts
     D:4: 556 daAuts
     D:5: 64 daAuts
